[Event "Titled Tuesday Blitz August 16 Early 2022"]
[White "Rustemov, Alexander"]
[Black "Pastar, Slaven"]
[WhiteFideId "4119002"]
[BlackFideId "14402718"]
[WhiteElo "2809"]
[BlackElo "2248"]
[Result "0-1"]
[Round "01"]
[TimeControl "180+1"]
[Date "2022.08.16"]
[WhiteClock "0:00:04"]
[BlackClock "0:00:10"]

1. d4 b6 2. e4 Bb7 3. Bd3 Nf6 4. Qe2 e6 5. Nf3 d5 6. e5 Ne4 7. Nbd2 Nxd2 8. Bxd2 c5 9. c3 a5 10. O-O Be7 11. Ne1 Ba6 12. f4 g6 13. g4 Qd7 14. f5 gxf5 15. gxf5 exf5 16. Qh5 Bxd3 17. Nxd3 Nc6 18. Be3 c4 19. Nf4 O-O-O 20. Qxf7 Rhf8 21. Qh5 Rg8+ 22. Kh1 Bg5 23. Rf3 Rdf8 24. Raf1 Nd8 25. Ng2 h6 26. h4 Bxe3 27. Nxe3 f4 28. Ng2 Qg7 29. R1f2 Ne6 30. a4 Kd7 31. Kg1 Rf7 32. Kf1 Rgf8 33. Ne1 Rf5 34. Rg2 Rxh5 35. Rxg7+ Nxg7 36. Ng2 Nf5 37. Kf2 Nxh4 38. Rh3 Nxg2 39. Rxh5 Ne3 40. Kf3 Nd1 41. Rxh6 Nxb2 42. Rh7+ Kc8 43. Rh6 Nxa4 44. e6 Nxc3 45. Kg4 f3 46. Rh7 f2 47. e7 f1=Q 48. exf8=Q+ Qxf8 49. Rh5 Ne4 50. Rf5 Qg8+ 51. Kf4 Qe6 52. Re5 Kd7 53. Rxe6 Kxe6 54. Ke3 a4 55. Ke2 a3 56. Kd1 a2 57. Ke2 a1=Q 0-1


[Site "https://www.chess.com"]

[Event "Titled Tuesday Blitz August 16 Early 2022"]
[White "Sanchez, Robert"]
[Black "Tasev, Dejan"]
[WhiteFideId "2034360"]
[BlackFideId "936618"]
[WhiteElo "1966"]
[BlackElo "2253"]
[Result "0-1"]
[Round "01"]
[TimeControl "180+2"]
[Date "2022.08.18"]
[WhiteClock "0:00:00"]
[BlackClock "0:00:00"]

1. Nf3 Nf6 2. e3 g6 3. c4 Bg7 4. Nc3 O-O 5. b3 b6 6. Bb2 Bb7 7. Be2 e6 8. O-O d5 9. d4 c6 10. Ne5 Nbd7 11. f4 Nxe5 12. fxe5 Nd7 13. Rc1 f6 14. Bg4 Qe7 15. exf6 Nxf6 16. Bh3 dxc4 17. bxc4 Rad8 18. Qe2 c5 19. Rcd1 h6 20. Ba3 g5 21. dxc5 bxc5 22. Na4 Ne4 23. Qg4 Rxd1 24. Rxd1 Rf6 25. Bb2 Rg6 26. Bxg7 Kxg7 27. Qe2 Rf6 28. Bg4 Nf2 29. Rd2 Qf7 30. Bh5 Qc7 31. h3 Nxh3+ 32. Kh1 Qg3 33. Rd7+ Kh8 34. Rxb7 Nf2+ 35. Kg1 Nh3+ 36. Kh1 Rf2 37. Rb8+ Qxb8 38. Qd1 Rf8 39. Qa1+ Kg8 40. Bg4 Nf2+ 41. Kg1 Nxg4 0-1


[Site "https://www.chess.com"]

[Event "Titled Tuesday Blitz August 16 Early 2022"]
[White "Santeramo, Alessia Carmen"]
[Black "Vlassov, Nikolai"]
[WhiteFideId "850810"]
[BlackFideId "4103360"]
[WhiteElo "2041"]
[BlackElo "2324"]
[Result "0-1"]
[Round "01"]
[TimeControl "180+2"]
[Date "2022.08.18"]
[WhiteClock "0:00:00"]
[BlackClock "0:00:00"]

1. e4 c5 2. Nf3 d6 3. Bb5+ Nd7 4. d4 cxd4 5. Qxd4 e5 6. Qd3 a6 7. Bxd7+ Bxd7 8. c4 Rc8 9. Nc3 h6 10. O-O Nf6 11. a4 Qc7 12. b3 Be7 13. Rd1 O-O 14. Ne1 Rfd8 15. Nc2 Be6 16. Ne3 Qc6 17. Ned5 Bxd5 18. Nxd5 Nxd5 19. Qxd5 Qxd5 20. Rxd5 Rc5 21. Rd3 b5 22. cxb5 axb5 23. Be3 Rc2 24. axb5 f5 25. f3 Kf7 26. b6 fxe4 27. fxe4 Ke6 28. Ra5 Rb8 29. Rb5 Rb7 30. Ra5 Bd8 31. Ra7 Rxb6 32. Ra8 Bc7 33. Bxb6 Bxb6+ 34. Kf1 Rf2+ 35. Ke1 Rxg2 36. Ra6 Bd4 37. b4 Rxh2 38. Rb3 Rh4 39. b5 Rxe4+ 40. Kd2 Rf4 41. b6 Bxb6 42. Rbxb6 Rd4+ 43. Ke3 g5 44. Ra8 h5 45. Rg8 g4 46. Rbb8 h4 47. Rh8 h3 48. Rbg8 Ra4 49. Rh4 Ra3+ 50. Kf2 Ra2+ 51. Kg3 Rg2# 0-1


[Site "https://www.chess.com"]

[Event "Titled Tuesday Blitz August 16 Early 2022"]
[White "Santos Ruiz, Miguel"]
[Black "Urbina Perez, Juan Antonio"]
[WhiteFideId "22291482"]
[BlackFideId "2217368"]
[WhiteElo "2478"]
[BlackElo "2192"]
[Result "1-0"]
[Round "01"]
[TimeControl "180+2"]
[Date "2022.08.18"]
[WhiteClock "0:00:00"]
[BlackClock "0:00:00"]

1. d4 d5 2. Nf3 Nf6 3. Bf4 c6 4. c4 g6 5. e3 Bg7 6. Nc3 O-O 7. h3 Qa5 8. Qd2 Re8 9. Be2 Bf5 10. O-O dxc4 11. Bxc4 b5 12. Bb3 Qb6 13. Ng5 Rf8 14. e4 Bc8 15. e5 Nd5 16. Nxd5 cxd5 17. Bxd5 Bb7 18. Bxb7 Qxb7 19. d5 Nd7 20. e6 fxe6 21. Nxe6 Rf7 22. Nxg7 Kxg7 23. Rac1 Nb6 24. d6 exd6 25. Qxd6 Nc4 26. Qd4+ Kg8 27. b3 Nb6 28. Rfe1 Raf8 29. Bg3 Rd7 30. Qe5 Qd5 31. Qe2 Qd3 32. Qe6+ Kg7 33. Re3 Qd5 34. Qg4 h5 35. Qh4 Qd2 36. Rce1 Rdf7 37. Qg5 Nd5 38. Qe5+ Kh7 39. R3e2 Qd3 40. Qg5 Nf6 41. Re7 Qd5 42. Qxf6 1-0


[Site "https://www.chess.com"]

[Event "Titled Tuesday Blitz August 16 Early 2022"]
[White "Sargissyan, Sargis"]
[Black "Bykhovsky, Anatoly"]
[WhiteFideId "13303210"]
[BlackFideId "2806991"]
[WhiteElo "2102"]
[BlackElo "2540"]
[Result "0-1"]
[Round "01"]
[TimeControl "180+2"]
[Date "2022.08.18"]
[WhiteClock "0:00:00"]
[BlackClock "0:00:00"]

1. e4 c5 2. Nf3 d6 3. d4 cxd4 4. Nxd4 Nf6 5. Nc3 Nc6 6. Bg5 e6 7. Qd2 a6 8. O-O-O Nxd4 9. Qxd4 Be7 10. Kb1 b5 11. f3 Bb7 12. h4 O-O 13. h5 h6 14. Be3 Rc8 15. g4 Nd7 16. Rg1 Ne5 17. Be2 Nc4 18. Bxc4 Rxc4 19. Qd2 b4 20. Ne2 a5 21. g5 hxg5 22. Bxg5 Bxg5 23. Rxg5 Kh7 24. Rdg1 Rg8 25. Nf4 Rc5 26. R5g4 a4 27. Qxb4 Qc7 28. R1g2 d5 29. exd5 Bxd5 30. Nxd5 Rxd5 31. Rg1 Qd7 32. Qe1 Rxh5 33. R4g2 g6 34. Rh1 Rxh1 35. Qxh1+ Kg7 36. Rh2 Qd5 37. Rh7+ Kf6 38. a3 Rd8 39. Qh4+ g5 40. Qh6+ Ke7 41. Qg7 Qf5 42. Qc3 Rd1+ 43. Ka2 Qxh7 44. Qb4+ Rd6 45. Qxa4 Qf5 46. Qa8 Qd5+ 47. b3 Qxa8 0-1


[Site "https://www.chess.com"]

[Event "Titled Tuesday Blitz August 16 Early 2022"]
[White "Saveliev, Alexei"]
[Black "Lazavik, Denis"]
[WhiteFideId "24128546"]
[BlackFideId "13515110"]
[WhiteElo "2281"]
[BlackElo "2437"]
[Result "0-1"]
[Round "01"]
[TimeControl "180+1"]
[Date "2022.08.16"]
[WhiteClock "0:00:21"]
[BlackClock "0:01:06"]

1. c4 f5 2. d4 Nf6 3. g3 g6 4. Bg2 Bg7 5. Nf3 O-O 6. O-O d6 7. Nc3 c6 8. b3 Qc7 9. Bb2 e5 10. d5 Na6 11. Rc1 Qe7 12. Qd2 Nc5 13. Rfd1 Nce4 14. Qc2 Nxc3 15. Bxc3 c5 16. e3 h6 17. a3 g5 18. b4 b6 19. b5 Bd7 20. a4 Rae8 21. a5 Qf7 22. axb6 axb6 23. Ra1 Bc8 24. Ra8 Qh5 25. Rxc8 Rxc8 26. Qxf5 Rce8 27. Qc2 e4 28. Bxf6 Rxf6 29. Nd2 Qe2 30. Rf1 Ref8 31. Qd1 Rxf2 32. Qxe2 Rxe2 33. Nxe4 Be5 34. Rc1 Rxe3 35. Kh1 g4 36. Rd1 Kg7 37. Rc1 Kg6 38. Rd1 h5 39. Rc1 Rh8 40. Rf1 h4 41. gxh4 Rxh4 42. Kg1 Rxh2 43. Nf6 Rxg2+ 44. Kxg2 Bxf6 45. Rh1 0-1


[Site "https://www.chess.com"]

[Event "Titled Tuesday Blitz August 16 Early 2022"]
[White "Senthil Maran K"]
[Black "Qashashvili, Alexandre"]
[WhiteFideId "25035681"]
[BlackFideId "13600842"]
[WhiteElo "2124"]
[BlackElo "2316"]
[Result "1-0"]
[Round "01"]
[TimeControl "180+2"]
[Date "2022.08.18"]
[WhiteClock "0:00:00"]
[BlackClock "0:00:00"]

1. c4 c5 2. g3 Nc6 3. Bg2 d6 4. Nf3 Bf5 5. O-O Nf6 6. d4 cxd4 7. Nxd4 Nxd4 8. Qxd4 Qc8 9. Nc3 Bh3 10. Bg5 Bxg2 11. Kxg2 Qc5 12. Qxc5 dxc5 13. Bxf6 gxf6 14. Nb5 Kd7 15. Rfd1+ Kc6 16. Rd3 a6 17. Nc3 e6 18. Rad1 Rc8 19. Ne4 Be7 20. Nd6 Rcf8 21. b3 Kc7 22. Nxb7 Kb6 23. Rd7 Re8 24. Nd6 Bxd6 25. R1xd6+ Ka5 26. Ra7 Rd8 27. Rdxa6+ Kb4 28. Rxf7 Rd2 29. Rxe6 Rxa2 30. Rb6+ Kc3 31. Re7 Rd8 32. Re3+ Kc2 33. Rxf6 Rd7 34. Rf5 Rb2 35. Rxc5 Rxb3 36. Rxb3 Kxb3 37. Rc6 Kc3 38. e4 Kd4 39. f3 Ra7 40. Rf6 Kxc4 41. Rd6 Ra2+ 42. Kh3 Rf2 43. f4 Re2 44. e5 h5 45. Kh4 Rxh2+ 46. Kg5 Rh3 47. f5 Rxg3+ 48. Kxh5 Kc5 49. f6 Rf3 50. Kg6 Re3 51. f7 Rxe5 52. Rf6 1-0


[Site "https://www.chess.com"]

[Event "Titled Tuesday Blitz August 16 Early 2022"]
[White "Shohat, Yotam"]
[Black "Cramling Bellon, Anna"]
[WhiteFideId "2813955"]
[BlackFideId "32009232"]
[WhiteElo "2119"]
[BlackElo "1905"]
[Result "1-0"]
[Round "01"]
[TimeControl "180+2"]
[Date "2022.08.18"]
[WhiteClock "0:00:00"]
[BlackClock "0:00:00"]

1. e4 c5 2. Nf3 e6 3. g3 Nc6 4. Bg2 d5 5. exd5 exd5 6. d4 Nf6 7. O-O Be6 8. Nc3 Be7 9. dxc5 Bxc5 10. Na4 Be7 11. Be3 O-O 12. Bc5 Bxc5 13. Nxc5 Qb6 14. Nb3 Bg4 15. h3 Bh5 16. c3 Rad8 17. g4 Bg6 18. Nfd4 Ne5 19. f4 Nc4 20. f5 Ne3 21. Qd3 Nxf1 22. Rxf1 Rfe8 23. fxg6 hxg6 24. Rf4 g5 25. Rf1 Ne4 26. Bxe4 dxe4 27. Qe3 Qg6 28. Rf5 f6 29. Nc5 Qf7 30. b3 b6 31. Na4 Qc7 32. Nb2 a6 33. Nc4 b5 34. Nd2 Rc8 35. c4 bxc4 36. Nxc4 Qb7 37. Kf2 Qa7 38. h4 Rcd8 39. Nc2 1-0


[Site "https://www.chess.com"]

[Event "Titled Tuesday Blitz August 16 Early 2022"]
[White "Shukhman, Anna"]
[Black "Orlov, Georgi"]
[WhiteFideId "54180058"]
[BlackFideId "2011271"]
[WhiteElo "1726"]
[BlackElo "2461"]
[Result "0-1"]
[Round "01"]
[TimeControl "180+2"]
[Date "2022.08.18"]
[WhiteClock "0:00:00"]
[BlackClock "0:00:00"]

1. e4 b6 2. d4 Bb7 3. Nc3 e6 4. Nf3 Bb4 5. Bd3 Nf6 6. e5 Ne4 7. O-O Bxc3 8. bxc3 Nxc3 9. Qe1 Bxf3 10. gxf3 Nd5 11. c4 Ne7 12. Ba3 Nbc6 13. Qe4 Ng6 14. Kh1 Qh4 15. Rad1 O-O-O 16. c5 f5 17. Ba6+ Kb8 18. Qe3 Nf4 19. cxb6 axb6 20. d5 Nxd5 21. Rxd5 exd5 22. Bd6 Qd4 23. Qxd4 Nxd4 24. Ba3 Nxf3 25. Bb2 d4 26. Be2 Nxe5 27. Bxd4 Rhe8 28. Bd1 g6 29. a4 c5 30. Bc3 Nc6 31. Bf3 d5 0-1


[Site "https://www.chess.com"]

[Event "Titled Tuesday Blitz August 16 Early 2022"]
[White "Shuvalova, Polina"]
[Black "Vidonyak, Roman"]
[WhiteFideId "24171760"]
[BlackFideId "14100622"]
[WhiteElo "2330"]
[BlackElo "2442"]
[Result "1-0"]
[Round "01"]
[TimeControl "180+2"]
[Date "2022.08.18"]
[WhiteClock "0:00:00"]
[BlackClock "0:00:00"]

1. Nf3 Nf6 2. c4 g6 3. b3 d5 4. Bb2 Bg7 5. cxd5 Qxd5 6. Nc3 Qd8 7. g3 O-O 8. Bg2 Nc6 9. O-O e5 10. d3 h6 11. Nd2 Be6 12. Rc1 Qd7 13. Nde4 Nxe4 14. Nxe4 Qe7 15. Nc5 Bc8 16. Nxb7 Bxb7 17. Bxc6 Bxc6 18. Rxc6 Rfd8 19. Qc2 Rd7 20. Rc1 Rc8 21. Qc4 Kh8 22. h4 Kh7 23. h5 g5 24. Qe4+ Kh8 25. Qf5 Rcd8 26. R1c4 f6 27. Qg6 Rf8 28. g4 Rg8 29. Qe4 Rf8 30. Kg2 Qd8 31. f3 Rff7 32. R4c5 Rfe7 33. Qg6 Rf7 34. Qf5 Rf8 35. Qe6 Re8 36. Qc4 Rf8 37. Rxc7 Rxc7 38. Rxc7 f5 39. Rf7 Rxf7 40. Qxf7 fxg4 41. fxg4 Qa8+ 42. Qf3 Qc8 43. Qe4 Qc2 44. Bxe5 1-0


[Site "https://www.chess.com"]

[Event "Titled Tuesday Blitz August 16 Early 2022"]
[White "Simonovic, Miroslav"]
[Black "Atanasov, Anthony"]
[WhiteFideId "919152"]
[BlackFideId "2623897"]
[WhiteElo "2043"]
[BlackElo "1928"]
[Result "0-1"]
[Round "01"]
[TimeControl "180+2"]
[Date "2022.08.18"]
[WhiteClock "0:00:00"]
[BlackClock "0:00:00"]

1. d4 Nf6 2. Bg5 Ne4 3. h4 h6 4. Bf4 d5 5. Nd2 Bf5 6. Nxe4 Bxe4 7. f3 Bh7 8. e3 e6 9. Bd3 Bxd3 10. Qxd3 Bd6 11. Qb5+ c6 12. Qxb7 Bxf4 13. exf4 Nd7 14. Qxc6 Rc8 15. Qa4 Rc4 16. Qa3 Rxc2 17. Ne2 Qc7 18. Kf2 Qxf4 19. Qxa7 Rxb2 20. Rac1 O-O 21. g3 Qd2 22. Rhe1 Nb6 23. Rc7 Qxd4+ 24. Kf1 Qd3 25. Kg2 Rxe2+ 26. Rxe2 Qxe2+ 27. Kh3 Qxf3 28. Qxb6 Qh1+ 29. Kg4 Qe4+ 30. Kh3 Qh1+ 31. Kg4 f5+ 32. Kh5 Qf3+ 33. Kg6 Qg4# 0-1


[Site "https://www.chess.com"]

[Event "Titled Tuesday Blitz August 16 Early 2022"]
[White "Siniauski, Artsiom"]
[Black "Sarana, Alexey"]
[WhiteFideId "13512269"]
[BlackFideId "24133795"]
[WhiteElo "2139"]
[BlackElo "2666"]
[Result "0-1"]
[Round "01"]
[TimeControl "180+1"]
[Date "2022.08.16"]
[WhiteClock "0:00:07"]
[BlackClock "0:00:59"]

1. e4 c5 2. Nf3 d6 3. Bb5+ Bd7 4. Bxd7+ Nxd7 5. d4 cxd4 6. Qxd4 Ngf6 7. O-O g6 8. Nc3 Bg7 9. Bg5 O-O 10. Rad1 Qa5 11. Qd2 Rfe8 12. Nd4 Rac8 13. Nb3 Qc7 14. Bh6 Bh8 15. Rfe1 a6 16. h3 b5 17. a3 Nb6 18. Qf4 Nc4 19. Nd5 Nxd5 20. exd5 Nxb2 21. Rd2 Be5 22. Qh4 Bf6 23. Qg4 Bc3 24. Rb1 Bxd2 25. Nxd2 Nc4 26. Ne4 f5 27. Qf4 fxe4 28. Qxe4 Ne5 29. f4 Nf7 30. Qe6 Qxc2 31. Rf1 Qf5 0-1


[Site "https://www.chess.com"]

[Event "Titled Tuesday Blitz August 16 Early 2022"]
[White "Skliarov, Viktor"]
[Black "Zia, Tahsin Tajwar"]
[WhiteFideId "14106736"]
[BlackFideId "10211888"]
[WhiteElo "2257"]
[BlackElo "1800"]
[Result "0-1"]
[Round "01"]
[TimeControl "180+2"]
[Date "2022.08.18"]
[WhiteClock "0:00:00"]
[BlackClock "0:00:00"]

1. e4 c6 2. d4 d5 3. e5 Bf5 4. Nf3 e6 5. Be2 Nd7 6. O-O h6 7. a4 g5 8. Ne1 Ne7 9. Nd3 Bg7 10. f4 f6 11. exf6 Bxf6 12. Bh5+ Kf8 13. Ne5 Kg7 14. Nc3 Bxe5 15. fxe5 Bg6 16. a5 Qe8 17. Bxg6 Qxg6 18. Be3 Raf8 19. Qe2 Nf5 20. Bf2 h5 21. a6 b6 22. Na2 Ne7 23. Nb4 c5 24. dxc5 bxc5 25. Nd3 Rc8 26. Ra5 Nc6 27. Rb5 c4 28. Rb7 cxd3 29. Rxd7+ Kh6 30. cxd3 Nb4 31. Be1 Rc2 32. Qe3 Nxd3 33. Rf6 Nf4 34. Rxg6+ Kxg6 35. g3 Re2 36. Qc1 Nh3+ 37. Kf1 Re4 38. Qc6 Rf8+ 39. Kg2 Re2+ 40. Kxh3 g4+ 41. Kh4 Rxh2# 0-1


[Site "https://www.chess.com"]

[Event "Titled Tuesday Blitz August 16 Early 2022"]
[White "Sourath Biswas"]
[Black "Matveeva, Olga"]
[WhiteFideId "35091484"]
[BlackFideId "24107018"]
[WhiteElo "1777"]
[BlackElo "2052"]
[Result "1-0"]
[Round "01"]
[TimeControl "180+2"]
[Date "2022.08.18"]
[WhiteClock "0:00:00"]
[BlackClock "0:00:00"]

1. d4 Nf6 2. Bf4 d5 3. e3 e6 4. Nf3 c5 5. c3 Nc6 6. Nbd2 Bd6 7. Bg3 O-O 8. Bd3 b6 9. e4 Be7 10. e5 Nd7 11. h4 h6 12. Qe2 cxd4 13. cxd4 Bb7 14. a3 Rc8 15. O-O Qc7 16. Rac1 Qb8 17. Bb1 Na5 18. Qd3 g6 19. b4 Nc4 20. Nxc4 dxc4 21. Rxc4 Rxc4 22. Qxc4 Bxf3 23. gxf3 Rc8 24. Qb3 b5 25. Bxg6 fxg6 26. Qxe6+ Kf8 27. Qxd7 Qc7 28. Qxb5 Qc3 29. d5 Qxf3 30. d6 Bd8 31. e6 1-0


[Site "https://www.chess.com"]

[Event "Titled Tuesday Blitz August 16 Early 2022"]
[White "Sovetbekova, Nurai"]
[Black "Sirosh, Ilja"]
[WhiteFideId "13801910"]
[BlackFideId "4500458"]
[WhiteElo "1646"]
[BlackElo "2255"]
[Result "1/2-1/2"]
[Round "01"]
[TimeControl "180+2"]
[Date "2022.08.18"]
[WhiteClock "0:00:00"]
[BlackClock "0:00:00"]

1. d4 d5 2. c4 e6 3. Nf3 Nf6 4. g3 dxc4 5. Bg2 Nbd7 6. O-O c6 7. a4 a5 8. Na3 Bxa3 9. Rxa3 O-O 10. Qc2 b5 11. axb5 cxb5 12. Ne5 Ra6 13. Bd2 Nxe5 14. dxe5 Nd5 15. Rd1 Qc7 16. b3 b4 17. Ra2 c3 18. e4 cxd2 19. exd5 Qxc2 20. Rxc2 exd5 21. Bxd5 Be6 22. Rdxd2 h5 23. h4 Bxd5 24. Rxd5 Rb8 25. Ra2 a4 26. bxa4 b3 27. Rb2 Rxa4 28. Rd3 Rab4 29. Kf1 Kf8 30. Ke2 Ke7 31. f4 Ke6 32. Kf3 R8b7 33. Rd6+ Kf5 34. Rd3 R4b5 35. Rd4 f6 36. exf6 gxf6 37. Rd3 Rb8 38. Rc3 Ke6 39. Re2+ Kd5 40. Rd2+ Ke6 41. Re3+ Kf7 42. Rb2 R8b6 43. Rc3 Ke6 44. Re2+ Kd6 45. Rd2+ Rd5 46. Rb2 Rdb5 47. Rd2+ Ke7 48. Re3+ Kf7 49. Rb2 f5 50. Rc3 Ke6 51. Re2+ Kf6 52. Rb2 Rb4 53. Rd3 Ke7 54. Re2+ Re6 55. Rb2 Reb6 56. Re2+ Kf7 57. Rb2 R6b5 58. Rc3 Ke6 59. Re2+ Kd6 60. Rd2+ Rd5 61. Rb2 Rdb5 62. Rd2+ Ke7 63. Rb2 Kf6 64. Rd3 Rb6 65. Rc3 R4b5 66. Rd3 Rb7 67. Rc3 R5b6 68. Rd3 Ke7 69. Re2+ Re6 70. Rb2 Rc6 71. Rdxb3 Rxb3+ 72. Rxb3 Kd6 73. Rd3+ Kc5 74. Re3 Kd4 75. Ra3 Rb6 76. Ra4+ Kd5 77. Ra5+ Ke6 78. Re5+ Kf6 79. Re3 Rb1 80. Rc3 Rf1+ 81. Kg2 Rb1 82. Rc8 Rb2+ 83. Kh3 Ke6 84. Rg8 Kd5 85. Rg5 Ke4 86. Rxh5 Kf3 87. Rxf5 Rb1 88. Kh2 Rb2+ 89. Kh1 Kxg3 90. Rg5+ Kxf4 91. Rg2 Rb1+ 92. Kh2 Kf3 93. h5 Rb5 94. Rg3+ Kf4 95. Rh3 Kg5 96. Rg3+ Kxh5 97. Rc3 Kg6 98. Kg3 1/2-1/2


[Site "https://www.chess.com"]

[Event "Titled Tuesday Blitz August 16 Early 2022"]
[White "Stepanencu, Nicodim-Cosmin"]
[Black "Shimanov, Aleksandr"]
[WhiteFideId "1256220"]
[BlackFideId "4198603"]
[WhiteElo "1941"]
[BlackElo "2605"]
[Result "0-1"]
[Round "01"]
[TimeControl "180+1"]
[Date "2022.08.16"]
[WhiteClock "0:02:07"]
[BlackClock "0:02:34"]

1. b3 e5 2. Bb2 Nc6 3. e3 Nge7 4. c4 d5 5. cxd5 Nxd5 6. Bb5 Bd6 7. Nf3 Qe7 8. d4 e4 9. Ne5 Bxe5 10. dxe5 Qb4+ 11. Nc3 Nxc3 12. Bxc6+ bxc6 13. Qd2 Nd5 0-1


[Site "https://www.chess.com"]

[Event "Titled Tuesday Blitz August 16 Early 2022"]
[White "Subelj, Jan"]
[Black "Broca Jimenez, Fernando"]
[WhiteFideId "14618583"]
[BlackFideId "5104742"]
[WhiteElo "2331"]
[BlackElo "2062"]
[Result "1-0"]
[Round "01"]
[TimeControl "180+2"]
[Date "2022.08.18"]
[WhiteClock "0:00:00"]
[BlackClock "0:00:00"]

1. Nf3 g6 2. g3 Bg7 3. Bg2 Nf6 4. O-O d6 5. c4 O-O 6. Nc3 Nbd7 7. d4 e5 8. b3 c6 9. Ba3 exd4 10. Nxd4 Nb6 11. e4 Re8 12. h3 d5 13. exd5 cxd5 14. c5 Nbd7 15. c6 bxc6 16. Nxc6 Qc7 17. Nxd5 Nxd5 18. Bxd5 Bxa1 19. Qxa1 Bb7 20. Rc1 Bxc6 21. Bxc6 Qe5 22. Bxd7 Qxa1 23. Rxa1 Re2 24. Bg4 Rd2 25. Bb4 Rd4 26. Bc3 Rd3 27. Bf6 Rd6 28. Be5 Rd5 29. Bf3 Rxe5 30. Bxa8 Re2 31. a4 Kg7 32. b4 Rb2 33. b5 h5 34. Bc6 g5 35. a5 f6 36. b6 axb6 37. a6 1-0


[Site "https://www.chess.com"]

[Event "Titled Tuesday Blitz August 16 Early 2022"]
[White "Sultana, Sharmin Shirin"]
[Black "Karaev, Seit-Amet"]
[WhiteFideId "10204482"]
[BlackFideId "4169549"]
[WhiteElo "1987"]
[BlackElo "2272"]
[Result "0-1"]
[Round "01"]
[TimeControl "180+2"]
[Date "2022.08.18"]
[WhiteClock "0:00:00"]
[BlackClock "0:00:00"]

1. d4 Nf6 2. c4 c5 3. e3 g6 4. Nc3 Bg7 5. Nf3 Kf8 6. Be2 h5 7. d5 d6 8. h3 h4 9. e4 Kg8 10. Bg5 Nbd7 11. Bxh4 a6 12. Qd2 b5 13. Qc2 b4 14. Nd1 a5 15. a3 Bb7 16. Bg5 Qb6 17. O-O Bc8 18. Ne3 b3 19. Qc1 a4 20. Bd3 Qd8 21. Nd1 Ne5 22. Nxe5 dxe5 23. Qe3 Qd6 24. f4 Nh5 25. f5 Nf4 26. Nc3 Bd7 27. Ne2 Rh5 28. Bxf4 exf4 29. Qxf4 Be5 30. Qg4 Bxb2 31. Rae1 Bg7 32. Nf4 Rh6 33. e5 Bxe5 34. Kh1 Bg7 35. Qg5 Qf6 36. Qxf6 Bxf6 37. fxg6 b2 38. gxf7+ Kxf7 39. Ne6 Bxe6 40. Rxe6 Rb8 0-1


[Site "https://www.chess.com"]

[Event "Titled Tuesday Blitz August 16 Early 2022"]
[White "Taboas Rodriguez, Daniel"]
[Black "Sawyer, Bradley"]
[WhiteFideId "2208466"]
[BlackFideId "2023784"]
[WhiteElo "2429"]
[BlackElo "2172"]
[Result "1-0"]
[Round "01"]
[TimeControl "180+2"]
[Date "2022.08.18"]
[WhiteClock "0:00:00"]
[BlackClock "0:00:00"]

1. d4 Nf6 2. Nf3 e6 3. c4 Bb4+ 4. Nbd2 d5 5. a3 Be7 6. Qc2 O-O 7. e4 dxe4 8. Nxe4 Nbd7 9. Bd3 Nxe4 10. Bxe4 Nf6 11. Bd3 c5 12. dxc5 Bxc5 13. b4 Be7 14. Bb2 a5 15. c5 Bd7 16. O-O Bc6 17. Rad1 Qc7 18. Be5 Qc8 19. Ng5 h6 20. Nh7 Nxh7 21. Bxh7+ Kh8 22. Rd4 f6 23. Bd6 Bxd6 24. Rxd6 f5 25. Bg6 axb4 26. axb4 Bd5 27. Re1 Ra2 28. Qc3 Qc7 29. Qe5 Qc8 30. h4 Rd8 31. h5 Rxd6 32. Qxd6 Rb2 33. Qb6 Kg8 34. Ra1 Kf8 35. Qd6+ Kg8 36. Bxf5 Rxb4 37. Qxd5 1-0


[Site "https://www.chess.com"]

[Event "Titled Tuesday Blitz August 16 Early 2022"]
[White "Tarasova, Viktoriya"]
[Black "Cruz Mendez, Jean Marco"]
[WhiteFideId "4175840"]
[BlackFideId "3526402"]
[WhiteElo "2182"]
[BlackElo "2064"]
[Result "0-1"]
[Round "01"]
[TimeControl "180+2"]
[Date "2022.08.18"]
[WhiteClock "0:00:00"]
[BlackClock "0:00:00"]

1. d4 Nf6 2. c4 e6 3. Nc3 d5 4. cxd5 exd5 5. Bg5 Be7 6. e3 c6 7. Bd3 h6 8. Bh4 O-O 9. Qc2 c5 10. Nge2 Nc6 11. a3 c4 12. Bf5 Be6 13. O-O Qd7 14. Bxe6 fxe6 15. Nf4 Bd6 16. Ng6 Rf7 17. f4 Rb8 18. h3 b5 19. g4 a5 20. g5 hxg5 21. fxg5 Nh7 22. Rxf7 Qxf7 23. Rf1 Qe8 24. Ne2 b4 25. a4 b3 26. Qb1 Nb4 27. Nef4 Nd3 28. Kh1 Bxf4 29. Nxf4 Nxf4 30. Rxf4 e5 31. dxe5 Qxe5 32. g6 Nf8 33. Qg1 Qxb2 34. Be7 Qe5 35. Rf7 Qe4+ 36. Kh2 Nxg6 37. Bd6 Kxf7 38. Bxb8 Qf3 39. Qg5 b2 0-1


[Site "https://www.chess.com"]

[Event "Titled Tuesday Blitz August 16 Early 2022"]
[White "Taspinar, Yanki"]
[Black "Kotepalli, Sai Nirupama"]
[WhiteFideId "34561188"]
[BlackFideId "5039444"]
[WhiteElo "1549"]
[BlackElo "1910"]
[Result "1/2-1/2"]
[Round "01"]
[TimeControl "180+2"]
[Date "2022.08.18"]
[WhiteClock "0:00:00"]
[BlackClock "0:00:00"]

1. Nf3 g6 2. g3 Bg7 3. Bg2 Nf6 4. O-O O-O 5. c4 d6 6. d4 c5 7. dxc5 dxc5 8. Nc3 Nc6 9. Qa4 Nd4 10. Nxd4 cxd4 11. Nd5 Nxd5 12. cxd5 Bf5 13. Bf4 Qb6 14. Qa3 d3 15. exd3 Bxb2 16. Qxe7 Bxa1 17. Rxa1 Rfe8 18. Qh4 Re2 19. Be3 Rxe3 20. fxe3 Qxe3+ 21. Kh1 Re8 22. Qa4 Bxd3 23. h3 Rd8 24. Qh4 Re8 25. Rd1 Bc2 26. Rg1 Be4 27. d6 Bxg2+ 28. Rxg2 Qd3 29. Qf4 Re1+ 30. Kh2 Qd1 31. Rf2 Rh1+ 32. Kg2 Rg1+ 33. Kh2 Rh1+ 34. Kg2 Rg1+ 35. Kh2 Rh1+ 1/2-1/2


[Site "https://www.chess.com"]

[Event "Titled Tuesday Blitz August 16 Early 2022"]
[White "Tatarinov, Dmitry"]
[Black "Filippova, Margarita"]
[WhiteFideId "24160067"]
[BlackFideId "34199680"]
[WhiteElo "2324"]
[BlackElo "1734"]
[Result "0-1"]
[Round "01"]
[TimeControl "180+2"]
[Date "2022.08.18"]
[WhiteClock "0:00:00"]
[BlackClock "0:00:00"]

1. c4 Nf6 2. Nc3 e6 3. d4 d5 4. Nf3 Be7 5. Bg5 O-O 6. e3 b6 7. cxd5 exd5 8. Bd3 Bb7 9. O-O Nbd7 10. Qc2 h6 11. Bh4 c5 12. Rad1 Rc8 13. Qb1 c4 14. Bf5 Ne4 15. Bxe7 Qxe7 16. Nxe4 dxe4 17. Nd2 Rfe8 18. Qc2 Rc7 19. Bxd7 Qxd7 20. Nb1 b5 21. b4 cxb3 22. Qxb3 Bd5 23. Qb2 Rec8 24. Rd2 Qc6 25. h3 a5 26. a3 Rb8 27. Rdd1 Qc2 28. Rd2 Qxb2 29. Rxb2 b4 30. Nd2 Rc3 31. axb4 axb4 32. Rfb1 b3 33. h4 Kh7 34. h5 g6 35. Nf1 Bc4 36. Ng3 Bd3 37. Ra1 Rc2 38. Rab1 Rxb2 39. Rxb2 Bc2 40. hxg6+ fxg6 41. Nf1 Ra8 42. Nd2 Ra2 43. Rxb3 Bxb3 44. Nxb3 Ra8 45. Nc5 Re8 46. Kh2 Kg7 47. Kg3 Kf6 48. Nd7+ Kf5 49. Kh3 h5 50. Ne5 g5 51. g4+ hxg4+ 52. Nxg4 Rh8+ 53. Kg3 Ra8 54. Ne5 Ra1 55. Kg2 g4 56. Nf7 Ra2 57. Nd6+ Ke6 58. Nxe4 Kf5 59. Ng3+ Ke6 60. Nh5 Kf5 61. Nf4 Ke4 62. Kg3 Kf5 63. Nd3 Rd2 64. Ne5 Rd1 65. Kg2 Rd2 0-1


[Site "https://www.chess.com"]

[Event "Titled Tuesday Blitz August 16 Early 2022"]
[White "Terry, Renato"]
[Black "Karimov, Alisher"]
[WhiteFideId "3803457"]
[BlackFideId "14700280"]
[WhiteElo "2577"]
[BlackElo "2186"]
[Result "0-1"]
[Round "01"]
[TimeControl "180+1"]
[Date "2022.08.16"]
[WhiteClock "0:00:31"]
[BlackClock "0:02:03"]

1. e4 e5 2. Nf3 Nc6 3. c3 Nf6 4. d4 Nxe4 5. d5 Bc5 6. dxc6 Bxf2+ 7. Ke2 bxc6 8. Qa4 f5 9. Nbd2 O-O 10. Nxe4 fxe4 11. Kxf2 exf3 12. g3 d5 13. Be3 a5 14. Rd1 Bb7 15. Bh3 Kh8 16. Qh4 Qd6 17. Qa4 c5 18. Qb5 d4 19. Qxb7 Rab8 20. Qe4 Rxb2+ 21. Ke1 Re2+ 22. Kf1 Rxe3 23. Qxe3 dxe3 24. Rxd6 cxd6 25. Bg4 e4 0-1


[Site "https://www.chess.com"]